 Dungeon Crawl Stone Soup version 0.21.1-1-g345015f (webtiles) character file.

37 Monsterracer the Vexing (level 3, -1/17 HPs)
             Began as a Vine Stalker Arcane Marksman on June 2, 2018.
             Slain by a worker ant (2 damage)
             ... on level 2 of the Dungeon.
             The game lasted 00:01:12 (1141 turns).

Monsterracer the Vexing (VSAM)                      Turns: 1141, Time: 00:01:13

Health: -1/17      AC:  2    Str: 13    XL:     3   Next: 39%
Magic:  0/5        EV: 12    Int: 18    God:
Gold:   111        SH:  0    Dex: 14    Spells: 3/4 levels left

rFire    . . .     SeeInvis .   a - +0 hand crossbow
rCold    . . .     Gourm    .   (no shield)
rNeg     . . .     Faith    .   e - +0 robe
rPois    .         Spirit   +   (no helmet)
rElec    .         Reflect  .   (no cloak)
rCorr    .         Harm     .   (no gloves)
MR       .....                  (no boots)
Stlth    +.........             (no amulet)
HPRegen  0.05/turn              (no ring)
MPRegen  0.09/turn              (no ring)

@: brilliant, lethally poisoned (-1 -> -13)
A: fangs 2, magic shield, antimagic bite, no potion heal 3, rot immunity
a: no special abilities


You were on level 2 of the Dungeon.
You were not hungry.

You visited 1 branch of the dungeon, and saw 2 of its levels.

You collected 111 gold pieces.

Inventory:

Hand Weapons
 a - a +0 hand crossbow (weapon)
Missiles
 d - 5 bolts (quivered)
Armour
 e - a +0 robe (worn)
Scrolls
 b - 2 scrolls of identify {unknown}
 h - a scroll of amnesia {unknown}
 j - a scroll of teleportation {unknown}
 k - a scroll of immolation {unknown}
Potions
 f - a potion of mutation {unknown}
 g - a potion of brilliance
 i - a potion of magic {unknown}
Comestibles
 c - 4 rations


   Skills:
 - Level 0.8 Fighting
 - Level 1.7 Crossbows
 - Level 1.5 Dodging
 + Level 2.9 Unarmed Combat
 - Level 1.1 Spellcasting
 - Level 3.0 Hexes


You had 3 spell levels left.
You knew the following spells:

 Your Spells              Type           Power        Failure   Level  Hunger
a - Corona                Hex            ###....      1%          1    ##.....


Dungeon Overview and Level Annotations

Branches:
Dungeon (2/15)

Altars:
Xom


Innate Abilities, Weirdness & Mutations

You have extremely sharp teeth.
When hurt, damage is shared between your health and your magic reserves.
Your bite disrupts and absorbs the magic of your enemies.
Potions cannot restore your health.
You are immune to rotting.


Message History

You shoot a bolt. The bolt barely misses the worm.
A worm is nearby!
Firing (i - inventory):
d - 6 bolts (quivered)
Press: ? - help, Shift-Dir - straight line, f/p - worm
Aim: a worm (almost dead)
You shoot a bolt. The bolt barely misses the worm.
Firing (i - inventory):
d - 5 bolts (quivered)
Press: ? - help, Shift-Dir - straight line, f/p - worm
Aim: a worm (almost dead)
You shoot a bolt. The bolt hits the worm.
You kill the worm!
No target in view!
Found 15 poisoned needles.
d - 5 bolts (gained 1)
d - 6 bolts (gained 1)
d - 7 bolts (gained 1)
d - 8 bolts (gained 1)
d - 9 bolts (gained 1)
Found a scythe.
d - 11 bolts (gained 2)
d - 12 bolts (gained 1)
You are feeling hungry.
Found an escape hatch in the floor.
c - 4 rations (gained 1)
You butcher the frilled lizard corpse.
l - a chunk of flesh Eating a chunk of flesh.
You eat the chunk of flesh.
This raw flesh tastes terrible.
An adder comes into view.
An adder is nearby!
Firing (i - inventory):
d - 12 bolts (quivered)
Press: ? - help, Shift-Dir - straight line, f - adder
Aim: an adder (resting)
You shoot a bolt. The bolt hits the adder!
You kill the adder!
No target in view!
No target in view!
Found an escape hatch in the ceiling.
No target in view!
d - 12 bolts (gained 1)
A worker ant comes into view.
A worker ant is nearby!
Firing (i - inventory):
d - 12 bolts (quivered)
Press: ? - help, Shift-Dir - straight line, f - worker ant
Aim: a worker ant (resting)
You shoot a bolt. The bolt hits the worker ant.
The worker ant twitches its antennae in your direction.
The worker ant is moderately wounded.
Firing (i - inventory):
d - 11 bolts (quivered)
Press: ? - help, Shift-Dir - straight line, f/p - worker ant
Aim: a worker ant (moderately wounded)
You shoot a bolt. The bolt closely misses the worker ant.
Firing (i - inventory):
d - 10 bolts (quivered)
Press: ? - help, Shift-Dir - straight line, f/p - worker ant
Aim: a worker ant (moderately wounded)
You shoot a bolt.
The bolt hits the worker ant but does no damage.
The worker ant is moderately wounded.
Firing (i - inventory):
d - 9 bolts (quivered)
Press: ? - help, Shift-Dir - straight line, f/p - worker ant
Aim: a worker ant (moderately wounded)
You shoot a bolt. The bolt hits the worker ant.
The worker ant is heavily wounded.
The worker ant closely misses you.
A worker ant is nearby!
Firing (i - inventory):
d - 8 bolts (quivered)
Press: ? - help, Shift-Dir - straight line, f/p - worker ant
Aim: a worker ant (heavily wounded)
You shoot a bolt.
The bolt hits the worker ant but does no damage.
The worker ant is heavily wounded.
The worker ant bites you.
You take 4 damage, and have 13/17 hp.
MASSIVE DAMAGE!!
You now have 4/5 mp.
Firing (i - inventory):
d - 7 bolts (quivered)
Press: ? - help, Shift-Dir - straight line, f/p - worker ant
Aim: a worker ant (heavily wounded)
You shoot a bolt. The bolt hits the worker ant.
The worker ant is almost dead.
The worker ant bites you. The worker ant barely misses you.
A worker ant is nearby!
You take 3 damage, and have 10/17 hp.
You now have 3/5 mp.
You are too injured to fight recklessly!
A worker ant is nearby!
You are too injured to fight recklessly!
A worker ant is nearby!
Firing (i - inventory):
d - 6 bolts (quivered)
Press: ? - help, Shift-Dir - straight line, f/p - worker ant
Aim: a worker ant (almost dead)
You shoot a bolt. The bolt barely misses the worker ant.
The worker ant bites you.
* * * LOW HITPOINT WARNING * * *
You are lethally poisoned!
The worker ant poisons you! The worker ant bites you.
* * * LOW HITPOINT WARNING * * *
You take 8 damage, and have 2/17 hp.
MASSIVE DAMAGE!!
You now have 1/5 mp.
It was a potion of brilliance.
You feel clever all of a sudden.
* * * LOW HITPOINT WARNING * * *
You feel sick. The worker ant bites you.
You die...

#.....##................
#.###..##...........####
.....##.....#....)...#####
.>..............##........
....#.....##...#.#....
...........##....##..##.
............#....# ....
............#..#.###.##.
(..(.(a@................
............##.#....####
............##...<......
..<.^..(.......#.......$
........................
...........###..........
..########.. ##.?.......
.# #.. #.......((
..........


You could see a worker ant.

Vanquished Creatures
  An adder (D:2)
  2 worms (D:2)
  3 bats
  A giant cockroach (D:1)
  3 goblins (D:1)
  4 hobgoblins
  5 frilled lizards
  A kobold (D:1)
  2 rats
22 creatures vanquished.

Notes
Turn   | Place    | Note
-------+----------+-------------------------------------------
     0 | D:1      | Monsterracer the Vine Stalker Arcane Marksman began the quest for the Orb.
     0 | D:1      | Reached XP level 1. HP: 9/9 MP: 3/3
   235 | D:1      | Reached skill level 1 in Unarmed Combat
   405 | D:1      | Reached XP level 2. HP: 14/14 MP: 4/4
  1059 | D:2      | Reached XP level 3. HP: 17/17 MP: 5/5
  1061 | D:2      | Found a shimmering altar of Xom.
  1140 | D:2      | HP: 7/17 [worker ant (3)]
  1140 | D:2      | HP: 2/17 [worker ant (5)]
  1141 | D:2      | Slain by a worker ant

Skill      XL: |  1  2 |
---------------+-------+-----
Unarmed Combat | 1 2 |  2.9
Fighting       | |  0.8
Crossbows      | |  1.7
Dodging        | |  1.5
Spellcasting   | |  1.1
Hexes          | |  3.0

Action                   || total
-------------------------++-------
Melee: Unarmed           ||     4
       Bite              ||     1
 Fire: Hand crossbow     ||    63
  Use: Potion            ||     1
  Eat: Chunk             ||     1
Armor: Robe              ||     3
Dodge: Dodged            ||    12

Vault maps used:
D:1:      shiori_arrival_oz
D:2:      nicolae_overflow_crystal_walls, first_ration, serial_curves,
          eino_curves_03, eino_curves_01
